cohdb
Replays
Latest Replays
All Replays
Popular Replays
Top Player Replays
Match Explorer
How It Works
Community
CoH3 Stats
Reddit
Sign in to upload your games and track your stats! →
Sign in with Steam
Vitmix afk and team kill
Match 30941906
Overview
Messages
Build Orders
End
Engineer Squad
Construct Barracks
Selects Armored Battlegroup
Selects Veteran Crews
1⁄4-ton 4x4 Truck
Riflemen Squad
Riflemen Squad
Grenade Package
Construct Medical Station
Mechanized Support Center
Construct Weapon Support Center
Selects Strength in Steel
M16 Multiple Gun Motor Carriage
M3 Armored Personnel Carrier
Scout Squad
CaF2
VitMix
Jimm-e
Herr Stiglitz
Cpt_Wolff
Marsouin
0
0
Comments
sign in to comment!
No comments posted yet!